 Dungeon Crawl Stone Soup version 0.30-a0-360-g447f08457e (webtiles) character file.

Game seed: 302756394300610213

161025 koil the Spry (level 17, -2/138 HPs)
             Began as a Vampire Enchanter on Nov 13, 2022.
             Was the Champion of Makhleb.
             Slain by a broodmother (20 damage)
             ... on level 4 of the Spider Nest on Nov 14, 2022.
             The game lasted 04:46:55 (36381 turns).

koil the Spry (Vampire Enchanter)                  Turns: 36381, Time: 04:46:56

Health: -2/138     AC: 20    Str:  9    XL:     17   Next: 19%
Magic:  29/29      EV: 21    Int: 21    God:    Makhleb [******]
Gold:   2481       SH:  0    Dex: 20    Spells: 20/32 levels left

rFire   + . .      SeeInvis +    a - +2 rapier of Mourning {flame, rPois rC+}
rCold   . . .      Faith    .    h - +1 buckler "Qacaq" {rElec rC- Dex+3}
rNeg    . . .      Spirit   .    m - +0 acid dragon scales
rPois   +          Reflect  .    K - +2 hat {Stlth+}
rElec   +          Harm     .    H - +2 cloak {Will+}
rCorr   +          Rampage  .    J - +2 pair of gloves
Will    ++...                    j - +2 pair of boots
Stlth   +++.......               R - amulet of regeneration
HPRegen 1.43/turn                n - +4 ring of protection
MPRegen 0.21/turn                y - ring of protection from fire

@: confused, confusing by touch, ambrosia-drunk, corroded, healing quickly
A: alive, fangs 3, see invisible, vampiric 2
a: Exsanguinate, Renounce Religion, Minor Destruction, Lesser Servant of
Makhleb, Major Destruction, Greater Servant of Makhleb


You were on level 4 of the Spider Nest.
You worshipped Makhleb.
Makhleb was exalted by your worship.
You visited 6 branches of the dungeon, and saw 28 of its levels.
You visited the Abyss 1 time.
You also visited: Bailey, Ice Cave and Volcano.

You collected 3269 gold pieces.
You spent 788 gold pieces at shops.

Inventory:

Hand Weapons
 a - the +2 rapier of Mourning (weapon) {flame, rPois rC+}
   (You found it in a bailey)

   It burns those it strikes, dealing additional fire damage.
   rC:        It protects you from cold.
   rPois:     It protects you from poison.
 v - a +1 quick blade of flaming
Missiles
 B - 10 poisoned darts
 C - a curare-tipped dart {!f}
 O - 5 atropa-tipped darts
Armour
 h - the +1 buckler "Qacaq" (worn) {rElec rC- Dex+3}
   (You acquired it in the Ecumenical Temple)

   Dex:       It affects your dexterity (+3).
   rC:        It makes you vulnerable to cold.
   rElec:     It insulates you from electricity.
 j - a +2 pair of boots (worn)
 m - +0 acid dragon scales (worn)
 H - a +2 cloak of willpower (worn)
 J - a +2 pair of gloves (worn)
 K - a +2 hat of stealth (worn)
 L - a +2 troll leather armour
Jewellery
 k - a ring of resist corrosion
 n - a +4 ring of protection (left hand)
 o - a ring of willpower
 y - a ring of protection from fire (right hand)
 R - an amulet of regeneration (around neck)
 X - a ring of flight
Wands
 l - a wand of charming (8)
 x - a wand of flame (62)
 U - a wand of iceblast (8)
Scrolls
 i - 5 scrolls of fear
 p - 3 scrolls of vulnerability
 r - a scroll of enchant armour
 t - 3 scrolls of teleportation
 D - 5 scrolls of summoning
 M - 3 scrolls of immolation
 N - a scroll of magic mapping
 Q - 4 scrolls of blinking
 S - 4 scrolls of poison
 W - 2 scrolls of fog
Potions
 b - 4 potions of resistance
 c - 5 potions of invisibility
 d - 4 potions of brilliance
 f - 4 potions of heal wounds
 g - 4 potions of cancellation
 q - a potion of mutation
 s - 2 potions of might
 u - a potion of haste
 w - 5 potions of curing
 A - 3 potions of ambrosia
 F - a potion of berserk rage
 I - 2 potions of magic
 Y - 4 potions of flight
Miscellaneous
 e - a phial of floods
 P - a phantom mirror
 V - a condenser vane
 Z - a lightning rod (4/4)


   Skills:
 + Level 13.7 Fighting
 - Level 10.0(11.2) Short Blades
 + Level 7.3(9.4) Long Blades
 - Level 8.0 Armour
 + Level 16.2 Dodging
 - Level 10.0 Stealth
 - Level 7.0 Shields
 - Level 8.0 Spellcasting
 + Level 4.2 Conjurations
 - Level 10.0 Hexes
 + Level 7.5 Air Magic
 + Level 5.0 Poison Magic
 - Level 5.0 Invocations
 - Level 5.0 Evocations


You had 20 spell levels left.
You knew the following spells:

 Your Spells              Type           Power      Damage    Failure   Level
a - Ensorcelled Hibernat  Hex/Ice        58%        N/A       3%          2
b - Confusing Touch       Hex            50%        N/A       1%          3
c - Cause Fear            Hex            25%        N/A       2%          4
d - Dazzling Flash        Conj/Hex       76%        N/A       2%          3

Your spell library contained the following spells:

 Spells                   Type           Power      Damage    Failure   Level
 Poisonous Vapours        Pois/Air       68%        N/A       1%          2
 Static Discharge         Conj/Air       66%        2-5/arc   1%          2
 Tukima's Dance           Hex            50%        N/A       1%          3
 Sting                    Tmut/Pois      76%        1d6       5%          1
 Inner Flame              Hex/Fire       29%        N/A       6%          3
 Portal Projectile        Hex/Tloc       58%        N/A       6%          3
 Vhi's Electric Charge    Tloc/Air       48%        N/A       10%         3
 Freeze                   Ice            32%        1d5       16%         1
 Kindle Blastsparks       Fire/Tloc/Air  36%        2d13      16%         3
 Hailstorm                Conj/Ice       17%        3d6       19%         3
 Leda's Liquefaction      Hex/Erth       14%        N/A       19%         4
 Olgreb's Toxic Radiance  Pois           29%        N/A       19%         4
 Sublimation of Blood     Necr           8%         N/A       22%         2
 Ignite Poison            Fire/Tmut/Pois 15%        N/A       22%         3
 Arcjolt                  Conj/Air       16%        1d26      36%         5
 Lightning Bolt           Conj/Air       16%        1d30      36%         5
 Frozen Ramparts          Ice            16%        1d3       41%         3
 Gell's Gravitas          Tloc           8%         N/A       41%         3
 Ozocubu's Armour         Ice            8%         N/A       41%         3
 Teleport Other           Tloc           8%         N/A       41%         3
 Summon Mana Viper        Hex/Summ       29%        N/A       47%         5
 Flame Wave               Conj/Fire      17%        2d7       54%         4
 Sticky Flame             Conj/Fire      17%        2d4       54%         4
 Freezing Cloud           Conj/Ice/Air   12%        6-21      63%         5
 Ice Form                 Ice/Tmut       8%         N/A       83%         4
 Petrify                  Tmut/Erth      8%         N/A       83%         4
 Irradiate                Conj/Tmut      8%         3d14      87%         5
 Blade Hands              Tmut           4%         N/A       99%         5
 Lee's Rapid Deconstruct  Erth           4%         3d5*      99%         5
 Summon Forest            Summ/Tloc      4%         N/A       99%         5
 Dispersal                Tloc           4%         N/A       100%        6
 Simulacrum               Ice/Necr       4%         N/A       100%        6
 Statue Form              Tmut/Erth      5%         N/A       100%        6
 Summon Cactus Giant      Summ           4%         N/A       100%        6
 Ozocubu's Refrigeration  Ice            4%         4d8       100%        7
 Discord                  Hex            25%        N/A       100%        8


Dungeon Overview and Level Annotations

Branches:
Dungeon (15/15)            Temple (1/1) D:7            Lair (5/5) D:9
  Swamp (0/4) Lair:2       Spider (4/4) Lair:2        Slime (0/5) Lair:4
    Orc (2/2) D:9             Elf (1/3) Orc:2        Vaults (0/5) D:14
 Depths (0/4) D:15         Bailey (visited)           IceCv (visited)
Volcano (visited)

Altars:
Ashenzari
Cheibriados
Dithmenos
Fedhas
Gozag
Hepliaklqana
Kikubaaqudgha
Makhleb
Nemelex Xobeh
Okawaru
Qazlal
Ru
Sif Muna
Trog
Uskayaw
Vehumet
Wu Jian
Xom
Yredelemnul
Jiyva

Shops:
D:3 *   D:4 !   D:7 [   Orc:2 !![**

Portals:
Hell: Lair:5
Trove: D:11 (give +4 fire dragon scales)

Annotations:
D:11 exclusion: 2 oklob plants


Innate Abilities, Weirdness & Mutations

Your natural rate of healing is accelerated.
You have razor-sharp teeth.
You have supernaturally acute eyesight. (SInv)
You are afflicted with vampirism and can become a bat while bloodless.


Message History

The tarantella touches you.
* * * LOW HITPOINT WARNING * * *
You are confused.
The tarantella misses you.
The jumping spider pounces on you but does no damage.
The jumping spider misses you.
Unknown command.
You're too confused to cast spells.
Unknown command.
You feel better. The tarantella closely misses you.
The jumping spider leaps!
The entropy weaver hits you but does no damage. x3
The entropy weaver closely misses you.
The broodmother summons a spider!
The tarantella touches you.
* * * LOW HITPOINT WARNING * * *
You block the tarantella's attack.
The demonic crawler hits you but does no damage.
You block the demonic crawler's attack. The demonic crawler misses you.
The jumping spider pounces on you!
* * * LOW HITPOINT WARNING * * *
The jumping spider closely misses you.
The broodmother bites you but does no damage.
The tarantella touches you.
* * * LOW HITPOINT WARNING * * *
You are confused.
You are too confused!
Okay, then.
Unknown command.
Unknown command.
You are too confused!
Unknown command.
Unknown command.
You are more confused.
You feel invigorated.
The tarantella touches you but does no damage.
The tarantella misses you.
The entropy weaver hits you but does no damage. x4
The jumping spider pounces on you!
* * * LOW HITPOINT WARNING * * *
The jumping spider barely misses you. The broodmother bites you!!
You die...

### ..#...
##.##.......
#......^......
#.............
..s..^..##...
#.s.....°....
##sss.........
#######ss@Bs........
##†....sssss#......#.
#..^......#s.s......#
###..................
##.°....#####^#....
##.......# #.#.#.
##..#....## ##
#^......##
#........#..#


You could see 2 broodmothers, an entropy weaver, 2 demonic crawlers, a wolf
spider, an orb spider, a culicivora, 4 jumping spiders and 4 tarantellas.

Vanquished Creatures
  Arachne (Spider:3)
  Jorgrun (Spider:2)
  Gastronok (D:8)
  Frances (Spider:2)
  Kirke (D:15)
  3 emperor scorpions
  2 orc warlords
  A ghost moth (Spider:4)
  Louise (Spider:2)
  4 broodmothers
  An ironbound preserver (D:14)
  A dire elephant (Lair:5)
  A spark wasp (Spider:2)
  An ettin (D:15)
  Josephine (Lair:4)
  7 entropy weavers
  The ghost of olddryhag the Covert, a journeyman VSFi of Uskayaw (Lair:1)
  4 hydras
  Harold (Lair:1)
  A catoblepas (Lair:5)
  A jorogumo (Spider:1)
  2 centaur warriors
  A hell beast (Lair:5)
  2 radroaches
  9 boulder beetles
  8 slime creatures
  A two-headed ogre (D:13)
  2 tengu warriors (D:15)
  4 death yaks
  Urug (D:12)
  A deep elf knight (Orc:2)
  A hell knight (Volcano)
  3 orc high priests (Orc:2)
  A skeletal warrior (D:14)
  A deep troll (D:15)
  2 sun moths
  5 orb spiders
  4 pharaoh ants
  3 steelbarb worms
  3 wizards
  A deep elf archer (Elf:1)
  Pikel (D:7)
  2 deep elf zephyrmancers (Elf:1)
  6 orc knights
  A necromancer (D:15)
  13 ugly things
  4 deep elf pyromancers
  16 wolf spiders
  5 cyclopes
  3 manticores
  7 orc sorcerers
  17 elephants
  2 moths of wrath
  4 black mambas
  5 centaur zombies (D:12)
  An orange demon (Lair:5)
  A smoke demon (Abyss:2)
  2 torpor snails
  A gargoyle (D:11)
  Joseph (D:8)
  11 cane toads
  2 kobold demonologists
  2 ice statues (IceCv)
  2 unseen horrors (D:11)
  9 demonic crawlers
  3 large abominations (Abyss:2)
  A freezing wraith (IceCv)
  A yaktaur (Volcano)
  Maggie (Lair:1)
  An efreet (D:15)
  A hellwing (Lair:5)
  11 rime drakes
  4 komodo dragons
  3 ice devils (Lair:5)
  A tengu conjurer (D:15)
  A red devil (Lair:5)
  3 polar bears
  A tarantella (shapeshifter) (D:14)
  7 trolls
  A raiju (Abyss:2)
  31 tarantellas
  16 blink frogs
  A meliai zombie (D:12)
  A jumping spider (shapeshifter) (D:14)
  An air elemental (Elf:1)
  29 jumping spiders
  A centaur simulacrum (D:14)
  16 culicivoras
  3 shadows
  6 wraiths
  3 vampires
  64 yaks
  4 wyverns
  A fire bat (Abyss:2)
  11 basilisks
  48 redbacks
  A steam dragon (D:8)
  A death yak simulacrum (Lair:2)
  Edmund (D:5)
  14 vampire mosquitoes
  Menkaure (D:4)
  2 wargs
  14 water moccasins
  3 swamp worms
  A naga skeleton (Abyss:2)
  4 acid dragons
  5 hell hounds (Lair:5)
  27 orc warriors
  2 sky beasts (D:7)
  5 black bears
  4 ice beasts
  11 ogres
  15 wolves
  11 centaurs
  2 phantoms
  Blork the orc (D:6)
  3 kobold brigands (D:9)
  5 bullfrogs
  8 gnoll sergeants (D:9)
  An earth elemental (Elf:1)
  A necrophage (D:5)
  4 scorpions
  20 wights
  A blink frog simulacrum (Lair:2)
  An elephant simulacrum (IceCv)
  A dream sheep simulacrum (Lair:2)
  17 killer bees (D:11)
  2 howler monkeys (D:9)
  A rime drake simulacrum (Lair:2)
  7 electric eels
  A komodo dragon simulacrum (Lair:2)
  A quasit (Abyss:2)
  10 hounds
  21 orc priests
  A water moccasin simulacrum (Lair:2)
  4 gnoll boudas
  5 jellies
  Jessica (D:3)
  7 iguanas
  21 orc wizards
  6 hell rats (Lair:1)
  A polar bear simulacrum (IceCv)
  2 wolf simulacra (IceCv)
  22 gnolls
  8 adders
  A shadow imp (D:8)
  20 white imps
  3 ufetubi
  2 worms (D:2)
  69 orcs
  A ball python (D:2)
  4 bats
  6 endoplasms
  A giant cockroach (D:2)
  12 goblins
  7 hobgoblins
  5 jackals
  3 quokkas
  4 frilled lizards
  15 kobolds
  7 rats
  18 fungi
  18 plants
  A withered plant (D:12)
990 creatures vanquished.

Notes
Turn   | Place    | Note
-------+----------+-------------------------------------------
     0 | D:1      | koil the Vampire Enchanter began the quest for the Orb.
     0 | D:1      | Reached XP level 1. HP: 13/13 MP: 3/3
   176 | D:1      | Reached XP level 2. HP: 16/20 MP: 5/5
   181 | D:1      | Learned a level 2 spell: Ensorcelled Hibernation
   228 | D:1      | HP: 4/20 [goblin/+0 club (3)]
   594 | D:2      | Gained mutation: You are afflicted with vampirism and can
                  | become a bat while bloodless. [Vampire growth]
   594 | D:2      | Reached XP level 3. HP: 25/25 MP: 6/6
   603 | D:2      | Learned a level 3 spell: Confusing Touch
  1098 | D:2      | Reached skill level 1 in Fighting
  1212 | D:3      | Reached skill level 5 in Stealth
  1296 | D:3      | Reached XP level 4. HP: 12/32 MP: 7/7
  1375 | D:3      | Found Ogiomnatz's Assorted Antiques.
  1393 | D:3      | Noticed Jessica
  1410 | D:3      | Killed Jessica
  1411 | D:3      | Reached skill level 5 in Hexes
  1583 | D:3      | Found a shadowy altar of Dithmenos.
  1849 | D:3      | Reached XP level 5. HP: 37/37 MP: 8/8
  2038 | D:4      | Reached skill level 1 in Armour
  2038 | D:4      | Reached skill level 3 in Dodging
  2097 | D:4      | Reached XP level 6. HP: 35/44 MP: 3/10
  2289 | D:4      | Found Atalomu's Distillery.
  2471 | D:4      | Noticed Menkaure
  2482 | D:4      | Killed Menkaure
  2483 | D:4      | Reached XP level 7. HP: 43/51 MP: 7/11
  2692 | D:5      | Entered Level 5 of the Dungeon
  2775 | D:5      | Reached skill level 4 in Dodging
  3061 | D:5      | Noticed Edmund
  3078 | D:5      | Killed Edmund
  3125 | D:5      | Found an ornate altar of the Wu Jian Council.
  3210 | D:5      | Reached XP level 8. HP: 58/58 MP: 13/13
  3828 | D:6      | Learned a level 4 spell: Cause Fear
  4025 | D:6      | Reached skill level 5 in Dodging
  4343 | D:6      | Noticed Blork the orc
  4347 | D:6      | Killed Blork the orc
  4548 | D:7      | Reached XP level 9. HP: 26/65 MP: 6/15
  4555 | D:7      | HP: 13/65 [yak (3)]
  4555 | D:7      | HP: 6/65 [gnoll/+0 spear[a gnoll bouda] (7)]
  4566 | D:7      | HP: 4/65 [yak (7)]
  4702 | D:6      | Reached skill level 5 in Short Blades
  4842 | D:7      | Noticed Pikel
  4858 | D:7      | Killed Pikel
  4924 | D:7      | Reached skill level 5 in Spellcasting
  4925 | D:7      | Reached skill level 6 in Dodging
  5073 | D:7      | Found a broken altar of Ashenzari.
  5149 | D:7      | Found a staircase to the Ecumenical Temple.
  5431 | D:7      | Found Dyfre's Antique Armour Shop.
  5436 | D:7      | Bought an amber-encrusted ring mail for 225 gold pieces
  5436 | D:7      | Identified the +5 ring mail "Jecsuvoe" {Fly rF+ rN+ Dex-4}
                  | (You bought it in a shop on level 7 of the Dungeon)
  5782 | D:7      | Reached XP level 10. HP: 60/73 MP: 11/18
  6070 | D:7      | Reached skill level 5 in Fighting
  6277 | D:7      | Reached skill level 10 in Stealth
  6513 | Temple   | Entered the Ecumenical Temple
  6661 | Temple   | Identified a scroll of acquirement
  6710 | Temple   | Acquired the +1 buckler "Qacaq" {rElec rC- Dex+3}
  6735 | D:8      | Noticed a boulder beetle
  6752 | D:8      | Killed a boulder beetle
  6808 | D:8      | Found a shimmering blue altar of Sif Muna.
  6808 | D:8      | Noticed Joseph
  6814 | D:8      | Killed Joseph
  6815 | D:8      | Reached skill level 1 in Shields
  7167 | D:8      | Reached skill level 7 in Dodging
  7262 | D:8      | Found an iron altar of Okawaru.
  7285 | D:8      | Found a flagged portal.
  7306 | Bailey   | Entered a bailey
  7320 | Bailey   | Noticed an orc warlord
  7434 | Bailey   | Found a runed translucent gate.
  7434 | Bailey   | Found a runed translucent gate.
  7452 | Bailey   | Found a runed translucent gate.
  7462 | Bailey   | Noticed an orc knight
  7483 | Bailey   | Killed an orc knight
  7484 | Bailey   | Reached skill level 5 in Armour
  7484 | Bailey   | Reached skill level 10 in Hexes
  7645 | Bailey   | Killed an orc warlord
  7646 | Bailey   | Reached XP level 11. HP: 64/81 MP: 17/20
  7657 | Bailey   | Identified the +2 rapier of Mourning {flame, rPois rC+}
  7788 | D:8      | Noticed Gastronok
  7809 | D:8      | Killed Gastronok
  7879 | D:8      | Found a sparkling altar of Nemelex Xobeh.
  8299 | D:9      | Reached skill level 8 in Dodging
  8435 | D:9      | You fall into a shaft and drop 1 floor!
  8435 | D:10     | Entered Level 10 of the Dungeon
  8443 | D:10     | Found a burning altar of Makhleb.
  8455 | D:10     | Became a worshipper of Makhleb the Destroyer
  8751 | D:9      | Found a staircase to the Lair.
  8834 | D:9      | Reached * piety under Makhleb
  9033 | D:9      | Found a staircase to the Orcish Mines.
  9980 | D:10     | Identified the +11 long sword of Hyhofimm {freeze, Fragile
                  | rCorr Str+3 Dex+3}
 10246 | D:10     | Reached ** piety under Makhleb
 10560 | D:11     | Found a portal to a secret trove of treasure.
 10610 | D:11     | Found a frozen archway.
 10689 | IceCv    | Entered an ice cave
 10689 | IceCv    | Noticed a white ugly thing
 10704 | IceCv    | Killed a white ugly thing
 10706 | IceCv    | Found a transporter.
 10801 | IceCv    | Found a transporter.
 10873 | IceCv    | HP: 12/84 [freezing wraith (9)]
 10878 | IceCv    | Reached XP level 12. HP: 23/91 MP: 18/22
 11134 | D:11     | Reached *** piety under Makhleb
 11510 | D:11     | Reached skill level 9 in Dodging
 11690 | D:11     | HP: 10/91 [vampire/vampiric draining (18)]
 11848 | D:11     | Reached skill level 5 in Shields
 12103 | D:11     | Noticed a boulder beetle
 12141 | D:11     | Killed a boulder beetle
 12163 | D:11     | Reached **** piety under Makhleb
 12852 | Temple   | Acquired a ring of resist corrosion
 13037 | Lair:1   | Entered Level 1 of the Lair of Beasts
 13169 | Lair:1   | Found a gate leading to a gauntlet.
 13292 | Lair:1   | Noticed Harold
 13319 | Lair:1   | Killed Harold
 13582 | Lair:1   | Noticed Maggie
 13589 | Lair:1   | Killed Maggie
 14093 | Lair:2   | Found a staircase to the Swamp.
 14107 | Lair:2   | Noticed olddryhag's ghost (journeyman VSFi)
 14167 | Lair:2   | Found a dark tunnel.
 14184 | Volcano  | Entered a volcano
 14200 | Volcano  | Noticed a centaur warrior
 14211 | Volcano  | Killed a centaur warrior
 14215 | Volcano  | Found a bloodstained altar of Trog.
 14281 | Volcano  | Reached skill level 1 in Invocations
 14435 | Lair:2   | Reached XP level 13. HP: 98/98 MP: 22/25
 14513 | Lair:2   | Reached skill level 10 in Dodging
 14716 | Lair:2   | Found a hole to the Spider Nest.
 14740 | Lair:2   | Reached skill level 10 in Short Blades
 14830 | Lair:2   | Found a runed translucent gate.
 14830 | Lair:2   | Found a runed translucent gate.
 14830 | Lair:2   | Found a runed translucent gate.
 15833 | Lair:2   | HP: 16/99 [torpor snail (15)]
 15838 | Lair:2   | HP: 14/99 [torpor snail (4)]
 15846 | Lair:1   | HP: 17/99 [swamp worm (4)]
 15852 | Lair:1   | HP: 18/99 [torpor snail (3)]
 15856 | Lair:1   | Reached ***** piety under Makhleb
 16838 | Lair:4   | Noticed Josephine
 17016 | Lair:4   | Reached skill level 11 in Dodging
 17075 | Lair:4   | Found a viscous altar of Jiyva.
 17076 | Lair:4   | Found a staircase to the Slime Pits.
 17318 | Lair:4   | Killed Josephine
 17895 | Lair:5   | Entered Level 5 of the Lair of Beasts
 18129 | Lair:5   | Reached skill level 10 in Fighting
 18182 | Lair:4   | Reached skill level 12 in Dodging
 18292 | Lair:4   | Reached XP level 14. HP: 31/110 MP: 7/26
 19618 | Lair:5   | Reached skill level 13 in Dodging
 19739 | Lair:5   | Reached ****** piety under Makhleb
 20250 | Lair:5   | Found a burning altar of Makhleb.
 20453 | Lair:5   | Found a gateway to Hell.
 20474 | Lair:5   | Identified the +4 shortbow of Superiority {drain, rElec
                  | rPois Int+4}
 20957 | D:12     | Reached skill level 1 in Evocations
 21115 | D:12     | Noticed Urug
 21130 | D:12     | Killed Urug
 21620 | D:12     | Reached skill level 14 in Dodging
 21857 | Orc:1    | Entered Level 1 of the Orcish Mines
 22085 | Orc:1    | You fall into a shaft and drop 1 floor!
 22085 | Orc:2    | Entered Level 2 of the Orcish Mines
 22085 | Orc:2    | Noticed an orc warlord
 22249 | Orc:2    | Killed an orc warlord
 22267 | Orc:2    | Found Utusch's Distillery.
 22285 | Orc:2    | Found a staircase to the Elven Halls.
 22404 | Orc:2    | Bought a potion of curing for 42 gold pieces
 22404 | Orc:2    | Bought a potion of invisibility for 112 gold pieces
 22404 | Orc:2    | Bought a potion of heal wounds for 70 gold pieces
 22404 | Orc:2    | Bought a potion of curing for 42 gold pieces
 22601 | Orc:2    | Found Cygimoem's Distillery.
 22669 | Orc:2    | Reached XP level 15. HP: 118/120 MP: 17/27
 22754 | Orc:2    | Reached skill level 1 in Air Magic
 22826 | Orc:2    | Found Xeamneta's Assorted Antiques.
 22893 | Orc:2    | Found Giuheria's General Store.
 22895 | Orc:2    | Found Cum Gebb's Antique Armour Shoppe.
 22998 | Orc:2    | Bought a scroll labelled VIAMEANOSH for 27 gold pieces
 23009 | Orc:2    | Bought a glowing cloak for 270 gold pieces
 24121 | Orc:2    | Found a staircase to the Elven Halls.
 24145 | Orc:2    | Found Cygimoem's Distillery.
 24150 | Orc:2    | Found Xeamneta's Assorted Antiques.
 24157 | Orc:2    | Found Giuheria's General Store.
 24159 | Orc:2    | Found Cum Gebb's Antique Armour Shoppe.
 24263 | Orc:2    | Found Utusch's Distillery.
 24802 | D:13     | Acquired a +1 quick blade of draining
 25462 | D:13     | Reached skill level 1 in Long Blades
 25906 | D:14     | Reached skill level 5 in Invocations
 26086 | D:14     | Found a gate to the Vaults.
 27190 | D:15     | Entered Level 15 of the Dungeon
 27375 | D:15     | Found a staircase to the Depths.
 27381 | Abyss:2  | Cast into level 2 of the Abyss (a wizard)
 27549 | Abyss:2  | Reached skill level 5 in Evocations
 27617 | Abyss:2  | Paralysed by accursed screaming for 1 turns
 27620 | Abyss:2  | Paralysed by accursed screaming for 1 turns
 27641 | Abyss:2  | Paralysed by accursed screaming for 1 turns
 27650 | Abyss:2  | Found a corrupted altar of Lugonu.
 27667 | Abyss:2  | Found a corrupted altar of Lugonu.
 27703 | Abyss:2  | Found a hazy altar of Hepliaklqana.
 27707 | Abyss:2  | Found a corrupted altar of Lugonu.
 27748 | Abyss:2  | Noticed an ancient lich
 27759 | Abyss:2  | Noticed a tentacled starspawn
 27801 | Abyss:2  | Found a corrupted altar of Lugonu.
 27851 | Abyss:2  | Found an ornate altar of the Wu Jian Council.
 27862 | D:15     | Escaped the Abyss
 27866 | D:15     | HP: 20/119 [ettin/+0 dire flail (25)]
 27895 | D:15     | Reached skill level 15 in Dodging
 28435 | D:15     | Noticed Kirke
 28456 | D:15     | Killed Kirke
 28869 | Elf:1    | Entered Level 1 of the Elven Halls
 28902 | Elf:1    | Paralysed by an air elemental for 1 turns
 29012 | Elf:1    | HP: 8/122 [deep elf knight/shard of ice (34)]
 29039 | Orc:2    | HP: 21/122 [deep elf knight/shard of ice (20)]
 29351 | Lair:2   | Upgraded the game from 0.30-a0-359-gd0147acb1a to
                  | 0.30-a0-360-g447f08457e
 29399 | Lair:1   | Killed olddryhag's ghost
 29400 | Lair:1   | Reached skill level 1 in Poison Magic
 29523 | Lair:2   | Reached skill level 5 in Air Magic
 29692 | Lair:2   | Reached skill level 1 in Conjurations
 29708 | Spider:1 | Entered Level 1 of the Spider Nest
 29799 | Spider:1 | Reached XP level 16. HP: 87/129 MP: 21/28
 30098 | Spider:1 | Reached skill level 5 in Long Blades
 31933 | Spider:2 | Noticed Louise
 32588 | Spider:2 | Learned a level 3 spell: Dazzling Flash
 32593 | Spider:2 | Noticed Jorgrun
 32601 | Spider:2 | Killed Jorgrun
 32670 | Spider:2 | Noticed Frances
 32874 | Spider:2 | Killed Frances
 33296 | Spider:2 | Killed Louise
 33416 | Spider:2 | Reached skill level 16 in Dodging
 34045 | Spider:3 | Noticed Arachne
 34091 | Spider:3 | Killed Arachne
 34411 | Spider:3 | Reached XP level 17. HP: 137/137 MP: 29/29
 35757 | Spider:4 | Entered Level 4 of the Spider Nest
 36191 | Spider:3 | Reached skill level 5 in Poison Magic
 36380 | Spider:4 | HP: 27/138 [jumping spider (12)]
 36381 | Spider:4 | Slain by a broodmother

Illustrated notes

Levels and vault maps discovered:
D:1:      minmay_arrival_hallway, layout_rooms, chequers_serial_rivers_micro_a
D:2:      layout_loops_ring
D:3:      layout_loops_ring, overflow_temple_1_default, serial_shops, shop,
          uniq_jessica
D:4:      layout_rooms, serial_shops, nicolae_square_shop, grunt_decor_junction,
          st_stairs_2, corexii_corridor_pit, uniq_menkaure
D:5:      nicolae_cairo_tiling_large_dashed, layout_cave_pods,
          nicolae_wu_jian_wuxing_cycle, uniq_edmund
D:6:      layout_gridville, minivault_19, uniq_blork_the_orc
D:7:      minmay_polygon_palace, layout_basic, old_standard_altar,
          minmay_temple_entry_drinking_statues, serial_shops, shop, uniq_pikel
D:8:      layout_cave_pools, mainiacjoe_overflow_six_doors_small,
          mainiacjoe_overflow_chevrons, mainiacjoe_overflow_tiny_flanked,
          serial_glass, glass_columns_a, glass_columns_a, enter_bailey_5,
          uniq_gastronok, uniq_joseph
D:9:      layout_loops_cross, erik_lair_island,
          kennysheep_orc_monster_closet_entryway
D:10:     layout_long_grid, zin_scriptorium, lightli_temple_of_fire,
          david_defended_altar_orc
D:11:     regret_index_harrowing_hell_hive, layout_gridville,
          nicolae_trove_entry_crystal, serial_ice, serial_ice_c, serial_ice_b,
          serial_ice_j, serial_ice_g, portal_ice_cave_entry_imps
D:12:     layout_grid_maze, serial_undead, serial_undead_b, serial_undead_c,
          serial_undead_a, serial_undead_e, uniq_urug
D:13:     layout_stronghold, hangedman_decor_diamond_cutter,
          roderic_serpentine_path
D:14:     layout_roguey, skrybe_vaults_entry_preservation,
          kennysheep_big_empty_room, roderic_lattice_a
D:15:     hangedman_depths_entry_civil_slaughter, layout_basic,
          hangedman_decor_riveting, uniq_kirke
Temple:   nicolae_temple_superstar
Lair:1:   layout_regular_city, gauntlet_entry_generic, st_stairs_7,
          serial_bayou_shore_a, uniq_harold, uniq_maggie
Lair:2:   layout_hall_layers, swamp_mist_pool, spider_nest_entry_rubble,
          nicolae_volcano_entry_hallway, gammafunk_ghost_icy
Lair:3:   layout_hall_layers, worms_lemuel
Lair:4:   layout_gridlike, dpeg_slime_entry_enclosed, uniq_josephine
Lair:5:   evil_forest, layout_cave_pods, kennysheep_basilisk_garden
Spider:1: layout_spider_delve
Spider:2: layout_spider_delve, uniq_louise, uniq_jorgrun, uniq_frances
Spider:3: layout_spider_delve, uniq_arachne
Spider:4: hellmonk_spider_rune_endless_swarm, guppyfry_spider_mini_3
Orc:1:    layout_caves
Orc:2:    st_orc_elflike, layout_diamond_mine, serial_shops, shop_statue,
          mines2_david
Elf:1:    eino_elf_arrival_the_gate, layout_loops_corners,
          minmay_elf_demonology, uniq_donald, uniq_agnes

Skill      XL: |  1  2  3  4  5  6  7  8  9 10 11 12 13 14 15 16 17 |
---------------+----------------------------------------------------+-----
Fighting       | 1 2 3 4 5 7 8 10 12 13 | 13.7
Stealth        | 5 6 7 8 9 10 | 10.0
Hexes          | 5 6 7 8 10 | 10.0
Short Blades   | 2 3 4 5 7 8 9 10 | 10.0
Armour         | 1 2 3 4 5 6 7 8 |  8.0
Dodging        | 3 4 5 6 7 8 9 12 14 15 16 | 16.2
Spellcasting   | 3 4 5 6 7 8 |  8.0
Shields        | 2 4 6 7 |  7.0
Invocations    | 1 3 4 5 |  5.0
Evocations     | 3 5 |  5.0
Air Magic      | 5 7 |  7.5
Long Blades    | 4 7 |  7.3
Poison Magic   | 1 4 5 |  5.0
Conjurations   | 1 3 4 |  4.2

Action                   |  1- 3 |  4- 6 |  7- 9 | 10-12 | 13-15 | 16-18 || total
-------------------------+-------+-------+-------+-------+-------+-------++-------
Melee: Dagger            |   196 |   103 |   323 |   213 |       |       ||   835
       Bite              |    20 |    15 |    52 |   138 |   371 |   240 ||   836
       Punch             |     2 |       |     4 |     1 |       |       ||     7
       Rapier            |       |       |       |   716 |  2011 |  1103 ||  3830
Throw: Dart              |       |       |       |     3 |       |     1 ||     4
 Cast: Confusing Touch   |     1 |     3 |    19 |   102 |   240 |   159 ||   524
       Cause Fear        |       |       |       |       |     1 |     1 ||     2
       Ensorcelled Hiber |       |       |       |       |       |     1 ||     1
       Dazzling Flash    |       |       |       |       |       |     1 ||     1
Evoke: Wand              |       |       |       |    10 |     5 |     4 ||    19
       Condenser vane    |       |       |       |     1 |     1 |       ||     2
  Use: Potion            |       |       |     1 |     2 |    10 |     5 ||    18
       Scroll            |       |       |       |    22 |    12 |     1 ||    35
 Stab: Sleeping          |     4 |     5 |    16 |    37 |    59 |    25 ||   146
       Confused          |       |     3 |    17 |    68 |   199 |   144 ||   431
       Distracted        |       |     1 |       |     1 |       |     1 ||     3
       Invisible         |       |       |     1 |       |     3 |       ||     4
Armor: Leather armour    |    86 |    29 |    82 |    40 |       |       ||   237
       Steam dragon scal |       |       |       |   253 |   307 |       ||   560
       Robe              |       |       |       |    19 |       |       ||    19
       Troll leather arm |       |       |       |       |   141 |       ||   141
       Acid dragon scale |       |       |       |       |    32 |   508 ||   540
Dodge: Dodged            |   104 |    43 |   141 |   683 |  1341 |  1174 ||  3486
Block: Buckler           |       |       |       |   270 |   602 |   503 ||  1375

Table legend: (Time is in decaauts)
 A = Elapsed time spent in this place.
 B = Non-inter-level travel time spent in this place.
 C = Inter-level travel time spent in this place.
 D = Time resting spent in this place.
 E = Time spent auto-exploring this place.
 F = Levels seen in this place.
 G = Mean time per level.
                   A        B        C        D        E       F      G
               +--------+--------+--------+--------+--------+-----+--------+
         Total |  35346 |  32232 |   3114 |   3407 |  16134 |  32 | 1104.6 |
       Dungeon |  16629 |  15051 |   1578 |    900 |   9832 |  15 | 1108.6 |
        Temple |    635 |    498 |    137 |     42 |    100 |   1 |  635.0 |
          Lair |   7902 |   7287 |    615 |   1184 |   3281 |   5 | 1580.4 |
   Spider Nest |   5963 |   5543 |    420 |    856 |   1624 |   4 | 1490.8 |
  Orcish Mines |   2623 |   2260 |    363 |    211 |   1117 |   2 | 1311.5 |
   Elven Halls |    140 |    140 |      0 |      0 |      0 |   1 |  140.0 |
         Abyss |    437 |    437 |      0 |     11 |      0 |   1 |  437.0 |
        Bailey |    448 |    448 |      0 |      0 |    129 |   1 |  448.0 |
      Ice Cave |    340 |    340 |      0 |    203 |      0 |   1 |  340.0 |
       Volcano |    225 |    225 |      0 |      0 |     50 |   1 |  225.0 |
               +--------+--------+--------+--------+--------+-----+--------+

Top non-repeatable levels by time:
Spider:1: 2171 daAuts
     D:7: 1991 daAuts
Spider:3: 1862 daAuts
Spider:2: 1833 daAuts
    D:11: 1774 daAuts
  Lair:5: 1739 daAuts
     D:9: 1738 daAuts
  Lair:2: 1653 daAuts
  Lair:4: 1587 daAuts
   Orc:2: 1524 daAuts
  Lair:3: 1486 daAuts
  Lair:1: 1435 daAuts
    D:14: 1273 daAuts
    D:13: 1261 daAuts
     D:8: 1174 daAuts
